 Dungeon Crawl Stone Soup version 0.24.0-13-gcf9b319 (webtiles) character file.

Game seed: 3228274269478122371, levelgen mode: deterministic

150 Balder the Chopper (level 5, -4/46 HPs)
             Began as a Hill Orc Fighter on Nov 29, 2019.
             Slain by a hippogriff (7 damage)
             ... on level 3 of the Dungeon.
             The game lasted 00:09:12 (2184 turns).

Balder the Chopper (Hill Orc Fighter)               Turns: 2184, Time: 00:09:13

Health: -4/46      AC:  7    Str: 24    XL:     5   Next: 32%
Magic:  5/5        EV:  7    Int:  8    God:
Gold:   134        SH: 10    Dex: 11    Spells: 4/4 levels left

rFire    . . .     SeeInvis .   a - +0 war axe
rCold    . . .     Gourm    .   c - +0 shield
rNeg     . . .     Faith    .   b - +0 scale mail
rPois    .         Spirit   .   (no helmet)
rElec    .         Reflect  .   (no cloak)
rCorr    .         Harm     .   (no gloves)
MR       .....                  (no boots)
Stlth    ..........             (no amulet)
HPRegen  0.15/turn              (no ring)
MPRegen  0.09/turn              (no ring)

@: mighty
A: no striking features
a: no special abilities


You were on level 3 of the Dungeon.
You were not hungry.

You visited 1 branch of the dungeon, and saw 3 of its levels.

You collected 134 gold pieces.

Inventory:

Hand Weapons
 a - a +0 war axe (weapon)
 v - a +0 whip of holy wrath
Missiles
 q - 2 javelins (quivered)
Armour
 b - a +0 scale mail (worn)
 c - a +0 shield (worn)
 x - a +0 helmet
Wands
 w - a wand of polymorph (6)
Scrolls
 h - 3 scrolls of remove curse {unknown}
 i - a scroll of fog {unknown}
 j - 2 scrolls of teleportation {unknown}
 m - a scroll of blinking {unknown}
 n - a scroll of enchant armour {unknown}
 o - 2 scrolls of amnesia {unknown}
 p - a scroll of immolation {unknown}
 r - 4 scrolls of identify {unknown}
 u - a scroll of random uselessness {unknown}
Potions
 e - a potion of lignification {unknown}
 g - a potion of brilliance {unknown}
 k - a potion of curing {unknown}
 l - a potion of ambrosia {unknown}
 t - a potion of degeneration {unknown}
Comestibles
 f - 4 rations
 s - 6 chunks of flesh


   Skills:
 * Level 4.1 Fighting
 * Level 4.8 Axes
 * Level 4.1 Armour
 + Level 0.3 Dodging
 * Level 4.2 Shields


You had 4 spell levels left.
You didn't know any spells.
Your spell library was empty.

Dungeon Overview and Level Annotations

Branches:
Dungeon (3/15)

Altars:


Message History

* * * LOW HITPOINT WARNING * * *
You block the hippogriff's attack.
You closely miss the hippogriff.
The hippogriff is heavily wounded.
The hippogriff closely misses you. You block the hippogriff's attack.
The hippogriff claws you.
* * * LOW HITPOINT WARNING * * *
The hippogriff bites you.
* * * LOW HITPOINT WARNING * * *
The hippogriff barely misses you. You block the hippogriff's attack.
You hit the hippogriff.
The hippogriff is severely wounded.
You block the hippogriff's attack.
The hippogriff pecks you but does no damage.
The hippogriff barely misses you.
You slash the hippogriff!
The hippogriff is almost dead.
A leopard gecko comes into view.
The hippogriff bites you!
You die...

#
#..รท......#
#..>......#
##'##.....#
#.##.....#
#.##.....#
#.##.....#
#.##.....#
#.########
#@# #H# ..#
.#.# #.#.# l
..# ## ..#
.>#


You could see a hippogriff and a leopard gecko (wandering).

Vanquished Creatures
  A bullfrog skeleton (D:2)
  5 adders
  An ooze (D:2)
  A worm (D:2)
  A dart slug (D:1)
  A leopard gecko (D:1)
  6 orcs
  2 ball pythons (D:2)
  2 giant cockroaches
  6 hobgoblins
  3 jackals (D:1)
  4 kobolds
  2 quokkas
  8 bats
  9 frilled lizards
  4 goblins
  8 rats
64 creatures vanquished.

Notes
Turn   | Place    | Note
-------+----------+-------------------------------------------
     0 | D:1      | Balder the Hill Orc Fighter began the quest for the Orb.
     0 | D:1      | Reached XP level 1. HP: 19/19 MP: 1/1
   115 | D:1      | Reached XP level 2. HP: 27/27 MP: 2/2
   646 | D:1      | Reached XP level 3. HP: 33/33 MP: 3/3
  1187 | D:2      | Reached XP level 4. HP: 18/40 MP: 4/4
  1837 | D:2      | Reached XP level 5. HP: 38/46 MP: 5/5
  2170 | D:3      | Noticed a hippogriff
  2184 | D:3      | Slain by a hippogriff

Levels and vault maps discovered:
D:1:      lightli_arrival_statue_moat, layout_loops_ring
D:2:      layout_basic
D:3:      layout_basic, first_ration

Skill      XL: |  1  2  3  4 |
---------------+-------------+-----
Axes           | 3 4 |  4.8
Shields        | 4 |  4.2
Fighting       | 4 |  4.1
Armour         | 4 |  4.1
Dodging        | |  0.3

Action                   |  1- 3 |  4- 6 || total
-------------------------+-------+-------++-------
Melee: War axe           |   114 |   110 ||   224
Throw: Javelin           |     7 |     3 ||    10
  Use: Potion            |       |     1 ||     1
  Eat: Chunk             |     1 |     4 ||     5
Armor: Scale mail        |    72 |    37 ||   109
Dodge: Dodged            |    44 |    42 ||    86
Block: Shield            |    75 |    61 ||   136
